 Dungeon Crawl Stone Soup version 0.26-a0-958-gf3041fb45f (webtiles) character file.

Game seed: 6908378097714132372

792 schets the Fighter (level 7, -1/64 HPs)
             Began as a Gnoll Wanderer on Nov 30, 2020.
             Killed from afar by an orc wizard (8 damage)
             ... with a puff of frost
             ... on level 3 of the Dungeon.
             The game lasted 00:09:24 (6193 turns).

schets the Fighter (Gnoll Wanderer)                 Turns: 6193, Time: 00:09:25

Health: -1/64      AC: 14    Str: 15 (17) XL:     7   Next: 88%
Magic:  11/11      EV:  5    Int: 14 (17) God:
Gold:   162        SH:  0    Dex:  8 (11) Spells: 11/11 levels left

rFire    . . .     SeeInvis .   s - +0 falchion
rCold    . . .     Faith    .   (no shield)
rNeg     . . .     Spirit   .   y - +0 plate armour
rPois    .         Reflect  .   (no helmet)
rElec    .         Harm     .   p - +0 cloak
rCorr    .         Rampage  .   (no gloves)
MR       .....                  g - +1 pair of boots
Stlth    ..........             (no amulet)
HPRegen  0.20/turn              (no ring)
MPRegen  0.12/turn              (no ring)

@: no status effects
A: distributed training, fangs 1, strong nose
a: no special abilities


You were on level 3 of the Dungeon.
You visited 1 branch of the dungeon, and saw 4 of its levels.
You also visited: Sewer.

You collected 162 gold pieces.

Inventory:

Hand Weapons
 a - a +2 dagger
 c - a +0 falchion
 d - a +0 mace
 s - a +0 falchion (weapon)
Missiles
 k - a curare-tipped dart
 l - 11 poisoned darts (quivered)
 x - 4 javelins
Armour
 e - a +0 robe
 g - a +1 pair of boots (worn)
 j - a +0 leather armour
 n - a +0 chain mail
 p - a +0 cloak (worn)
 y - a +0 plate armour (worn)
Scrolls
 f - 2 scrolls of magic mapping
 h - 2 scrolls of remove curse {unknown}
 i - 4 scrolls of teleportation
 m - a scroll of enchant weapon {unknown}
 o - 2 scrolls of identify
 q - a scroll of fear {unknown}
 u - a scroll of amnesia {unknown}
 w - a scroll of noise {unknown}
 B - a scroll of fog {unknown}
 C - a scroll of blinking {unknown}
Potions
 b - 2 potions of curing
 v - 2 potions of attraction


   Skills:
 + Level 9.0 Fighting
 + Level 2.7 Short Blades
 + Level 5.4 Long Blades
 + Level 2.7 Axes
 + Level 5.4 Maces & Flails
 + Level 2.7 Polearms
 + Level 2.7 Staves
 + Level 2.7 Slings
 + Level 2.7 Bows
 + Level 2.7 Crossbows
 + Level 3.8 Throwing
 + Level 2.7 Armour
 + Level 2.7 Dodging
 + Level 2.7 Stealth
 + Level 2.7 Shields
 + Level 2.7 Unarmed Combat
 + Level 2.7 Spellcasting
 + Level 2.2 Conjurations
 + Level 2.2 Hexes
 + Level 2.2 Summonings
 + Level 2.2 Necromancy
 + Level 2.2 Translocations
 + Level 2.2 Transmutations
 + Level 2.2 Fire Magic
 + Level 2.2 Ice Magic
 + Level 2.2 Air Magic
 + Level 2.2 Earth Magic
 + Level 2.2 Poison Magic
 + Level 3.0 Invocations
 + Level 3.8 Evocations


You had 11 spell levels left.
You didn't know any spells.
Your spell library was empty.

Dungeon Overview and Level Annotations

Branches:
Dungeon (4/15)              Sewer (visited)
 Temple: D:4-7

Altars:


Innate Abilities, Weirdness & Mutations

Your experience applies equally to all skills.
You have very sharp teeth.
Your uncanny sense of smell can sniff out nearby items.


Message History

A puff of flame appears from out of thin air!
The puff of flame hits you but does no damage.
There is a stone staircase leading up here.
You hear some strange, mumbled words.
A magic dart appears from out of thin air!
The magic dart hits you.
* * * LOW HITPOINT WARNING * * *
Something hits you but does no damage.
You climb upwards.
Reactivating autopickup.
There is a stone staircase leading down here.
You start resting.
Something hits you but does no damage.
Deactivating autopickup; reactivate with Ctrl-A.
You start resting.
Something hits you but does no damage.
You start resting.
Something hits you but does no damage.
You start resting.
You hear some strange, mumbled words.
A puff of frost appears from out of thin air!
The puff of frost hits you!
You die...

##.#.#....##.# #.#
#........ #............#
#.# #.###....
####.##..##..# #.###.#
#..## #.##......# #.....#
#...#
#.##.####.################
#....#...................#
#..###.##............###.#
#.......#{#..........#....
##...#...@+...............
###.##.###..........#....
#....# ############....
###### ####. ##### #....
#.... #.... #....


There were no monsters in sight!

Vanquished Creatures
  Grinder (D:3)
  Sigmund (D:3)
  A centaur (D:2)
  A big kobold (Sewer)
  A hound (D:4)
  Terence (D:3)
  A hound zombie (D:2)
  A hound skeleton (D:2)
  A worker ant zombie (D:2)
  4 gnolls
  4 adders
  A river rat (Sewer)
  5 oozes (Sewer)
  2 worms (Sewer)
  3 dart slugs (D:2)
  A leopard gecko (D:1)
  3 orcs
  3 ball pythons
  A bat skeleton (D:2)
  3 giant cockroaches
  8 goblins
  5 hobgoblins
  3 jackals (D:1)
  9 kobolds
  A quokka (D:3)
  3 bats (D:3)
  7 frilled lizards
  A giant cockroach zombie (D:2)
  A leopard gecko zombie (D:2)
  A quokka zombie (D:2)
  8 rats
86 creatures vanquished.

Vanquished Creatures (others)
  5 withered plants (D:2)
5 creatures vanquished.

Grand Total: 91 creatures vanquished

Notes
Turn   | Place    | Note
-------+----------+-------------------------------------------
     0 | D:1      | schets the Gnoll Wanderer began the quest for the Orb.
     0 | D:1      | schets set off with the following items: a +2 dagger, a
                  | curare-tipped dart, a +0 falchion, a +0 mace, a +0 robe
     0 | D:1      | Reached XP level 1. HP: 26/26 MP: 1/1
   544 | D:1      | Reached XP level 2. HP: 33/33 MP: 2/2
  1447 | D:2      | Reached XP level 3. HP: 19/38 MP: 2/4
  1651 | D:2      | Reached skill level 1 in Invocations
  1899 | D:2      | Reached skill level 1 in Short Blades
  1899 | D:2      | Reached skill level 1 in Axes
  1899 | D:2      | Reached skill level 1 in Polearms
  1899 | D:2      | Reached skill level 1 in Staves
  1899 | D:2      | Reached skill level 1 in Slings
  1899 | D:2      | Reached skill level 1 in Bows
  1899 | D:2      | Reached skill level 1 in Crossbows
  1899 | D:2      | Reached skill level 1 in Armour
  1899 | D:2      | Reached skill level 1 in Dodging
  1899 | D:2      | Reached skill level 1 in Stealth
  1899 | D:2      | Reached skill level 1 in Shields
  1899 | D:2      | Reached skill level 1 in Unarmed Combat
  1899 | D:2      | Reached skill level 1 in Spellcasting
  2094 | D:2      | Noticed a centaur
  2112 | D:2      | Killed a centaur
  2113 | D:2      | Reached skill level 1 in Conjurations
  2113 | D:2      | Reached skill level 1 in Hexes
  2113 | D:2      | Reached skill level 1 in Summonings
  2113 | D:2      | Reached skill level 1 in Necromancy
  2113 | D:2      | Reached skill level 1 in Translocations
  2113 | D:2      | Reached skill level 1 in Transmutations
  2113 | D:2      | Reached skill level 1 in Fire Magic
  2113 | D:2      | Reached skill level 1 in Ice Magic
  2113 | D:2      | Reached skill level 1 in Air Magic
  2113 | D:2      | Reached skill level 1 in Earth Magic
  2113 | D:2      | Reached skill level 1 in Poison Magic
  2113 | D:2      | Reached XP level 4. HP: 38/45 MP: 4/6
  2113 | D:2      | Reached XP level 5. HP: 43/51 MP: 4/7
  3522 | D:3      | Noticed Sigmund
  3690 | D:3      | Killed Sigmund
  3691 | D:3      | Reached skill level 5 in Long Blades
  3691 | D:3      | Reached skill level 5 in Maces & Flails
  3691 | D:3      | Reached XP level 6. HP: 40/57 MP: 7/9
  4069 | D:3      | Noticed Grinder
  4091 | D:3      | Paralysed by Grinder for 4 turns
  4104 | D:3      | Killed Grinder
  4105 | D:3      | Reached XP level 7. HP: 28/63 MP: 10/10
  4305 | D:3      | Noticed Terence
  4349 | D:3      | Killed Terence
  5098 | D:4      | Found a glowing drain.
  5109 | Sewer    | Entered a sewer
  5659 | Sewer    | Reached skill level 9 in Fighting
  6193 | D:3      | Killed from afar by an orc wizard

Illustrated notes

Levels and vault maps discovered:
D:1:      denvon_arrival_waterhouse, layout_basic
D:2:      layout_loops_corners, serial_undead, serial_undead_f, serial_undead_e,
          serial_undead_b, serial_undead_e, serial_undead_d, serial_undead_e
D:3:      layout_basic, grunt_ministairs_1, uniq_grinder, uniq_terence,
          uniq_sigmund
D:4:      layout_basic, cheibrodos_sewer_entry_drain

Skill      XL: |  1  2  3  4  5  6  7 |
---------------+----------------------+-----
Invocations    | 1 2 3 |  3.0
Short Blades   | 1 2 |  2.7
Axes           | 1 2 |  2.7
Polearms       | 1 2 |  2.7
Staves         | 1 2 |  2.7
Slings         | 1 2 |  2.7
Bows           | 1 2 |  2.7
Crossbows      | 1 2 |  2.7
Armour         | 1 2 |  2.7
Dodging        | 1 2 |  2.7
Stealth        | 1 2 |  2.7
Shields        | 1 2 |  2.7
Unarmed Combat | 1 2 |  2.7
Spellcasting   | 1 2 |  2.7
Conjurations   | 1 2 |  2.2
Hexes          | 1 2 |  2.2
Summonings     | 1 2 |  2.2
Necromancy     | 1 2 |  2.2
Translocations | 1 2 |  2.2
Transmutations | 1 2 |  2.2
Fire Magic     | 1 2 |  2.2
Ice Magic      | 1 2 |  2.2
Air Magic      | 1 2 |  2.2
Earth Magic    | 1 2 |  2.2
Poison Magic   | 1 2 |  2.2
Throwing       | 3 |  3.8
Evocations     | 3 |  3.8
Long Blades    | 5 |  5.4
Maces & Flails | 5 |  5.4
Fighting       | 9 |  9.0

Action                   |  1- 3 |  4- 6 |  7- 9 || total
-------------------------+-------+-------+-------++-------
Melee: Dagger            |   103 |       |       ||   103
       Bite              |    13 |    19 |    27 ||    59
       Falchion          |    12 |   134 |   199 ||   345
       Punch             |       |       |     2 ||     2
Throw: Dart              |       |     5 |       ||     5
       Javelin           |       |     5 |       ||     5
  Use: Scroll            |     1 |     2 |       ||     3
       Potion            |       |     5 |     6 ||    11
Armor: Robe              |     3 |       |       ||     3
       Leather armour    |     5 |       |       ||     5
       Chain mail        |    41 |    73 |    38 ||   152
       Plate armour      |       |       |   165 ||   165
Dodge: Dodged            |    38 |    44 |    59 ||   141
       Rpst.: Falchion   |       |    12 |    19 ||    31

Table legend: (Time is in decaauts)
 A = Elapsed time spent in this place.
 B = Non-inter-level travel time spent in this place.
 C = Inter-level travel time spent in this place.
 D = Time resting spent in this place.
 E = Time spent auto-exploring this place.
 F = Levels seen in this place.
 G = Mean time per level.
                   A        B        C        D        E       F      G
               +--------+--------+--------+--------+--------+-----+--------+
         Total |   6302 |   5914 |    388 |   2516 |   2363 |   5 | 1260.4 |
       Dungeon |   5189 |   4801 |    388 |   1901 |   2095 |   4 | 1297.2 |
         Sewer |   1113 |   1113 |      0 |    615 |    268 |   1 | 1113.0 |
               +--------+--------+--------+--------+--------+-----+--------+

Top non-repeatable levels by time:
     D:2: 1914 daAuts
     D:3: 1762 daAuts
     D:1: 1435 daAuts
   Sewer: 1113 daAuts
     D:4: 77 daAuts
